TOP OF THE 1ST |
---|
Roy Eagle Squadron batting - Pitching for Oceanside Swamp Foxes : LHP Martin Martin | Pitching: LHP Martin Martin | | Batting: LHB Pedro Camacho | 0-0: Ball 1-0: Foul Ball, location: 2F 1-1: Foul Ball, location: 2F 1-2: Foul Ball, location: 2F 1-2: Reached on error, E4 (Groundball, 34) | Batting: RHB Carl Curry | 0-0: Grounds into double play, 5-4-3 (Groundball, 56) | Batting: RHB Enrique Soto | 0-0: Fly out, F7 (Flyball, 7LS) | Top of the 1st over - 0 runs, 0 hits, 1 error, 0 left on base; Roy 0 - Oceanside 0 | BOTTOM OF THE 1ST |
---|
Oceanside Swamp Foxes batting - Pitching for Roy Eagle Squadron : RHP Luis Orama | Pitching: RHP Luis Orama | | Batting: RHB Luis Vigueras | 0-0: DOUBLE (Flyball, 8RD) | Batting: RHB Jacob Glasspool | 0-0: Ball 1-0: Swinging Strike 1-1: Foul Ball, location: 2F 1-2: Ball 2-2: Fly out, F9 (Flyball, 9S) | Batting: SHB León Galló | 0-0: Ball 1-0: Ball 2-0: Called Strike 2-1: Ball 3-1: DOUBLE (Groundball, 3L) Luis Vigueras scores | Batting: LHB Alonso Contreras | 0-0: Called Strike 0-1: Fly out, F6 (Popup, 6) | Batting: RHB Jeff Byford | 0-0: Ball 1-0: Foul Ball, location: 2F 1-1: Ball 2-1: Foul Ball, location: 2F 2-2: 2-RUN HOME RUN (Flyball, 89XD), Distance : 431 ft | Batting: RHB Ricardo López | 0-0: Ball 1-0: Called Strike 1-1: Ground out 5-3 (Groundball, 56S) | Bottom of the 1st over - 3 runs, 3 hits, 0 errors, 0 left on base; Roy 0 - Oceanside 3 | TOP OF THE 2ND |
---|
Roy Eagle Squadron batting - Pitching for Oceanside Swamp Foxes : LHP Martin Martin | Batting: LHB Cisco Villanueva | 0-0: Ball 1-0: Ball 2-0: Called Strike 2-1: Ball 3-1: Called Strike 3-2: Fly out, F3 (Line Drive, 34) | Batting: LHB Robinson González | 0-0: Ball 1-0: Called Strike 1-1: Ball 2-1: Ground out 6-3 (Groundball, 6M) | Batting: LHB Larry Bradley | 0-0: Ball 1-0: SINGLE (Groundball, 34D) | Batting: RHB Mark Morris | 0-0: Ball 1-0: Swinging Strike 1-1: Called Strike 1-2: Foul Ball, location: 2F 1-2: Foul Ball, location: 2F 1-2: Foul Ball, location: 2F 1-2: Foul Ball, location: 2F 1-2: Strikes out swinging | Top of the 2nd over - 0 runs, 1 hit, 0 errors, 1 left on base; Roy 0 - Oceanside 3 | BOTTOM OF THE 2ND |
---|
Oceanside Swamp Foxes batting - Pitching for Roy Eagle Squadron : RHP Luis Orama | Batting: RHB Bert Larson | 0-0: Ground out 6-3 (Groundball, 6) | Batting: RHB Owen Parra | 0-0: Ground out U3 (Groundball, 3L) | Batting: LHB Ernesto Rivera | 0-0: Foul Ball, location: 2F 0-1: Ball 1-1: Foul Ball, location: 2F 1-2: SINGLE (Flyball, 7S) | Batting: RHB Luis Vigueras | 0-0: Called Strike 0-1: Foul Ball, location: 2F 0-2: Ground out 4-3 (Groundball, 34) | Bottom of the 2nd over - 0 runs, 1 hit, 0 errors, 1 left on base; Roy 0 - Oceanside 3 | TOP OF THE 3RD |
---|
Roy Eagle Squadron batting - Pitching for Oceanside Swamp Foxes : LHP Martin Martin | Batting: RHB Juan Hernández | 0-0: SINGLE (Groundball, 13) (infield hit) | Batting: RHB Merlin Dobbin | 0-0: Called Strike Juan Hernández is caught stealing 2nd base 0-1: Ball 1-1: Fly out, F8 (Line Drive, 89D) | Batting: LHB Pedro Camacho | 0-0: Ball 1-0: Ball 2-0: Foul Ball, location: 2F 2-1: Swinging Strike 2-2: Foul Ball, location: 2F 2-2: Foul Ball, location: 2F 2-2: Ball 3-2: SINGLE (Flyball, 7S) | Batting: RHB Carl Curry | 0-0: Ball 1-0: Ball 2-0: Ball 3-0: Called Strike 3-1: Base on Balls Pedro Camacho to second | Batting: RHB Enrique Soto | 0-0: Called Strike 0-1: Fly out, F8 (Flyball, 8LS) | Top of the 3rd over - 0 runs, 2 hits, 0 errors, 2 left on base; Roy 0 - Oceanside 3 | BOTTOM OF THE 3RD |
---|
Oceanside Swamp Foxes batting - Pitching for Roy Eagle Squadron : RHP Luis Orama | Batting: RHB Jacob Glasspool | 0-0: Called Strike 0-1: Ball 1-1: Ball 2-1: Called Strike 2-2: Ground out 5-3 (Groundball, 56) | Batting: SHB León Galló | 0-0: Foul Ball, location: 2F 0-1: Ball 1-1: Called Strike 1-2: Foul Ball, location: 2F 1-2: Ground out U3 (Groundball, 3L) | Batting: LHB Alonso Contreras | 0-0: Ball 1-0: Ball 2-0: Ground out 6-3 (Groundball, 6) | Bottom of the 3rd over - 0 runs, 0 hits, 0 errors, 0 left on base; Roy 0 - Oceanside 3 | TOP OF THE 4TH |
---|
Roy Eagle Squadron batting - Pitching for Oceanside Swamp Foxes : LHP Martin Martin | Batting: LHB Cisco Villanueva | 0-0: Ball 1-0: Foul Ball, location: 2F 1-1: Called Strike 1-2: Ball 2-2: Ball 3-2: Foul Ball, location: 2F 3-2: Ground out U3 (Groundball, 34S) | Batting: LHB Robinson González | 0-0: Ball 1-0: Swinging Strike 1-1: Called Strike 1-2: Fly out, F7 (Flyball, 78D) | Batting: LHB Larry Bradley | 0-0: Ball 1-0: Ball 2-0: Called Strike 2-1: SINGLE (Groundball, 56D) | Batting: RHB Mark Morris | 0-0: Ball 1-0: Foul Ball, location: 2F 1-1: Ball 2-1: Fly out, F9 (Flyball, 9S) | Top of the 4th over - 0 runs, 1 hit, 0 errors, 1 left on base; Roy 0 - Oceanside 3 | BOTTOM OF THE 4TH |
---|
Oceanside Swamp Foxes batting - Pitching for Roy Eagle Squadron : RHP Luis Orama | Batting: RHB Jeff Byford | 0-0: Called Strike 0-1: Ground out U3 (Groundball, 34S) | Batting: RHB Ricardo López | 0-0: Ball 1-0: Ball 2-0: Called Strike 2-1: Ball 3-1: Foul Ball, location: 2F 3-2: Foul Ball, location: 2F 3-2: SINGLE (Line Drive, 6) | Batting: RHB Bert Larson | 0-0: Called Strike 0-1: Foul Ball, location: 2F 0-2: Ball 1-2: Foul Ball, location: 2F 1-2: Foul Ball, location: 2F 1-2: SINGLE (Flyball, 5D) Ricardo López to second | Batting: RHB Owen Parra | 0-0: Ball 1-0: Ball 2-0: Foul Ball, location: 2F 2-1: Fielders Choice at 2nd, 6-4 (Groundball, 6) Ricardo López to third | Batting: LHB Ernesto Rivera | 0-0: Foul Ball, location: 2F 0-1: Ground out 4-3 (Groundball, 4D) | Bottom of the 4th over - 0 runs, 2 hits, 0 errors, 2 left on base; Roy 0 - Oceanside 3 | TOP OF THE 5TH |
---|
Roy Eagle Squadron batting - Pitching for Oceanside Swamp Foxes : LHP Martin Martin | Batting: RHB Juan Hernández | 0-0: Ground out 6-3 (Groundball, 6S) | Batting: RHB Merlin Dobbin | 0-0: Foul Ball, location: 2F 0-1: Ground out 2-3 (Groundball, 2L) | Batting: LHB Pedro Camacho | 0-0: Ball 1-0: Ball 2-0: Swinging Strike 2-1: Foul Ball, location: 2F 2-2: Ball 3-2: Fly out, F7 (Flyball, 7) | Top of the 5th over - 0 runs, 0 hits, 0 errors, 0 left on base; Roy 0 - Oceanside 3 | BOTTOM OF THE 5TH |
---|
Oceanside Swamp Foxes batting - Pitching for Roy Eagle Squadron : RHP Luis Orama | Batting: RHB Luis Vigueras | 0-0: Ball 1-0: Ground out 5-3 (Groundball, 56) | Batting: RHB Jacob Glasspool | 0-0: Ground out 6-3 (Groundball, 6) | Batting: SHB León Galló | 0-0: Fly out, F9 (Line Drive, 89D) | Bottom of the 5th over - 0 runs, 0 hits, 0 errors, 0 left on base; Roy 0 - Oceanside 3 | TOP OF THE 6TH |
---|
Roy Eagle Squadron batting - Pitching for Oceanside Swamp Foxes : LHP Martin Martin | Batting: RHB Carl Curry | 0-0: Foul Ball, location: 2F 0-1: Called Strike 0-2: Strikes out swinging | Batting: RHB Enrique Soto | 0-0: Called Strike 0-1: Ball 1-1: Foul Ball, location: 2F 1-2: Foul Ball, location: 2F 1-2: Ball 2-2: Strikes out swinging | Batting: LHB Cisco Villanueva | 0-0: Ball 1-0: Ball 2-0: Called Strike 2-1: Ball 3-1: Called Strike 3-2: Foul Ball, location: 2F 3-2: Fly out, F5 (Popup, 25F) | Top of the 6th over - 0 runs, 0 hits, 0 errors, 0 left on base; Roy 0 - Oceanside 3 | BOTTOM OF THE 6TH |
---|
Oceanside Swamp Foxes batting - Pitching for Roy Eagle Squadron : RHP Luis Orama | Batting: LHB Alonso Contreras | 0-0: Ball 1-0: Ground out 4-3 (Groundball, 4) | Batting: RHB Jeff Byford | 0-0: Ground out 6-3 (Groundball, 56) | Batting: RHB Ricardo López | 0-0: Ball 1-0: Ball 2-0: Ball 3-0: Base on Balls | Batting: RHB Bert Larson | 0-0: Called Strike 0-1: Foul Ball, location: 2F 0-2: Strikes out looking | Bottom of the 6th over - 0 runs, 0 hits, 0 errors, 1 left on base; Roy 0 - Oceanside 3 | TOP OF THE 7TH |
---|
Roy Eagle Squadron batting - Pitching for Oceanside Swamp Foxes : LHP Martin Martin | Batting: LHB Robinson González | 0-0: Called Strike 0-1: Ball 1-1: Foul Ball, location: 2F 1-2: Ball 2-2: Strikes out swinging | Batting: LHB Larry Bradley | 0-0: Ground out 4-3 (Groundball, 4) | Batting: RHB Mark Morris | 0-0: Called Strike 0-1: Ball 1-1: Ground out 6-3 (Groundball, 6) | Top of the 7th over - 0 runs, 0 hits, 0 errors, 0 left on base; Roy 0 - Oceanside 3 | BOTTOM OF THE 7TH |
---|
Oceanside Swamp Foxes batting - Pitching for Roy Eagle Squadron : RHP Luis Orama | Batting: RHB Owen Parra | 0-0: Called Strike 0-1: Ball 1-1: Ball 2-1: Ground out 4-3 (Groundball, 4) | Batting: LHB Ernesto Rivera | 0-0: Called Strike 0-1: Ball 1-1: Ground out 4-3 (Groundball, 4M) | Batting: RHB Luis Vigueras | 0-0: Called Strike 0-1: Called Strike 0-2: Ball 1-2: Ball 2-2: Ball 3-2: SINGLE (Groundball, 6MD) | Pitching: RHP Mitch Dawson | | Batting: RHB Jacob Glasspool | 0-0: Ball 1-0: Ball 2-0: SINGLE (Line Drive, 89S) Luis Vigueras to second | Batting: SHB León Galló | 0-0: Ground out U3 (Groundball, 3) | Bottom of the 7th over - 0 runs, 2 hits, 0 errors, 2 left on base; Roy 0 - Oceanside 3 | TOP OF THE 8TH |
---|
Roy Eagle Squadron batting - Pitching for Oceanside Swamp Foxes : LHP Martin Martin | Batting: RHB Juan Hernández | 0-0: Ground out 6-3 (Groundball, 6) | Batting: RHB Merlin Dobbin | Error on foul ball, E7 0-1: SINGLE (Flyball, 9LS) | Batting: LHB Pedro Camacho | 0-0: Foul Ball, location: 2F 0-1: Ball 1-1: Ball 2-1: SINGLE (Line Drive, 9S) Merlin Dobbin to second Runner from 2nd tries for 3rd, SAFE, no throw | Batting: RHB Carl Curry | 0-0: Ball 1-0: Called Strike 1-1: Ball 2-1: 3-RUN HOME RUN (Flyball, 7D), Distance : 388 ft | Batting: RHB Enrique Soto | 0-0: Ball 1-0: Ball 2-0: Fly out, F9 (Flyball, 9S) | Pinch Hitting: RHB Dan Duckworth | 0-0: Ball 1-0: Ground out 4-3 (Groundball, 4) | Top of the 8th over - 3 runs, 3 hits, 1 error, 0 left on base; Roy 3 - Oceanside 3 | BOTTOM OF THE 8TH |
---|
Oceanside Swamp Foxes batting - Pitching for Roy Eagle Squadron : RHP Mitch Dawson | Now at 1B: Dan Duckworth | | Batting: LHB Alonso Contreras | 0-0: Fly out, F8 (Flyball, 8LD) | Pinch Hitting: RHB Howard Reed | 0-0: Ball 1-0: Ball 2-0: Ball 3-0: Called Strike 3-1: Foul Ball, location: 2F 3-2: Ground out 3-1 (Groundball, 34) | Pinch Hitting: LHB Cade Brown | 0-0: Ball 1-0: Called Strike 1-1: Ball 2-1: Ball 3-1: Base on Balls | Pinch Runner at 1st Bob Huerta: | | Batting: RHB Bert Larson | 0-0: Ball 1-0: Called Strike 1-1: Ball 2-1: Ball 3-1: Fielders Choice at 2nd, 6-4 (Groundball, 6) | Bottom of the 8th over - 0 runs, 0 hits, 0 errors, 1 left on base; Roy 3 - Oceanside 3 | TOP OF THE 9TH |
---|
Roy Eagle Squadron batting - Pitching for Oceanside Swamp Foxes : LHP Martin Martin | Now at 1B: Howard Reed | | Now at SS: Júlio Viña | | Pinch Hitting: RHB Gabriel Byram | 0-0: Fly out, F7 (Flyball, 7S) | Pinch Hitting: LHB Octávio Otero | 0-0: Called Strike 0-1: Ground out 1-3 (Groundball, 15) | Pinch Hitting: LHB Quinn Webb | 0-0: Called Strike 0-1: SINGLE (Line Drive, 89S) | Pinch Hitting: LHB Michael Edwards | 0-0: Called Strike 0-1: Ground out 4-3 (Groundball, 4) | Top of the 9th over - 0 runs, 1 hit, 0 errors, 1 left on base; Roy 3 - Oceanside 3 | |